 Dungeon Crawl Stone Soup version 0.31.0-1-g2c135a008e (webtiles) character file.

Game seed: 9605321188075154320

4521 qw the Skirmisher (level 10, -1/75 HPs)
             Began as a Djinni Hunter on Jan 24, 2024.
             Was a Believer of Okawaru.
             Slain by an orc warrior
             ... wielding a +4 short sword
              (12 damage)
             ... on level 8 of the Dungeon.
             The game lasted 00:00:35 (6727 turns).

qw the Skirmisher (Djinni Hunter)                   Turns: 6727, Time: 00:00:36

Health: -1/75      AC: 11    Str: 16    XL:     10   Next: 66%
Gold:   293        EV: 15    Int: 11    God:    Okawaru [**....] SH:  0 Dex: 21

rFire   + + +        a - +1 shortbow (flame)
rCold   x . .        (shield currently unavailable)
rNeg    . . .        d - +0 ring mail
rPois   inf          (no helmet)
rElec   .            m - +2 cloak
rCorr   .            i - +2 pair of gloves {Stlth+}
SInv    .            (boots unavailable)
Will    +....        (no amulet)
Stlth   ++           c - ring of protection from fire
HPRegen 0.32/turn    h - +6 ring of strength
MPRegen 0.00/turn

%: infuse magic (-2 HP)
@: flying
A: sickness immunity, fire resistance 2, cold vulnerability 1, float, innate
caster, HP casting, extra vitality 1
a: Renounce Religion, Heroism


You were on level 8 of the Dungeon.
You worshipped Okawaru.
Okawaru was pleased with you.
You visited 2 branches of the dungeon, and saw 9 of its levels.
You also visited: Ossuary.

You collected 393 gold pieces.
You spent 100 gold pieces at shops.


Innate Abilities, Weirdness & Mutations

You are immune to sickness and miasma.
You are immune to poison.
Your flesh is very heat resistant. (rF++)
You are vulnerable to cold. (rC-)
You float through the air rather than walking.
You learn spells naturally, not from books.
Your magical power is your life essence.
You have superior vitality. (+4 MHP)


   Skills:
 - Level 7.0 Fighting
 + Level 9.5 Ranged Weapons
 - Level 3.1 Armour
 - Level 7.0 Dodging
 - Level 0.7 Stealth
 - Level 4.0 Invocations


You knew the following spells:

 Your Spells              Type           Power      Damage    Failure   Level
a - Magic Dart            Conj           0%         1d3       54%         1
b - Scorch                Fire           0%         2d5       69%         2
c - Jinxbite              Hex            0%         N/A       69%         2
d - Vhi's Electric Charg  Tloc/Air       0%         N/A       100%        4
Your spell library was empty.

Inventory:

Hand Weapons
 a - a +1 shortbow of flaming (weapon)
Armour
 d - a +0 ring mail (worn)
 g - a +0 robe of fire resistance
 i - a +2 pair of gloves of stealth (worn)
 m - a +2 cloak (worn)
Jewellery
 c - a ring of protection from fire (left hand)
 h - a +6 ring of strength (right hand)
Wands
 e - a wand of polymorph (18)
 n - a wand of roots (5)
Scrolls
 f - 3 scrolls of identify
 k - a scroll of enchant armour
Potions
 b - 3 potions of curing

Dungeon Overview and Level Annotations

Branches:
Dungeon (8/15)             Temple (1/1) D:5         Ossuary (visited)
   Lair: D:8-11

Altars:
Ashenzari
Cheibriados
Dithmenos
Elyvilon
Fedhas
Gozag
Hepliaklqana
Makhleb
Nemelex Xobeh
Okawaru
Qazlal
Ru
Trog
Uskayaw
Wu Jian
Xom
Yredelemnul
Zin
The Shining One

Shops:
D:3 [

Portals:
Bailey: D:8


Message History

The orc warrior is moderately wounded.
The orc warrior hits you but does no damage.
You shoot an arrow.
The arrow hits the orc warrior but does no damage.
The orc warrior is moderately wounded.
The orc warrior hits you with a +4 short sword.
You shoot an arrow.
The arrow closely misses the orc warrior.
The arrow hits the orc priest!
The arrow burns the orc priest.
The orc priest is almost dead.
The orc warrior closely misses you.
The orc priest calls upon Beogh to heal the orc warrior.
The orc warrior's wounds heal themselves!
You shoot an arrow. The arrow hits the orc priest.
The arrow burns the orc priest.
You kill the orc priest!
Okawaru accepts your kill.
The orc warrior hits you with a +4 short sword.
You shoot an arrow.
The arrow hits the orc warrior but does no damage.
The orc warrior misses you.
You shoot an arrow.
The arrow hits the orc warrior but does no damage.
The orc warrior hits you with a +4 short sword.
You shoot an arrow.
The arrow closely misses the orc warrior.
The orc warrior misses you.
You shoot an arrow. The arrow hits the orc warrior!
The arrow burns the orc warrior.
The orc warrior is heavily wounded.
The orc warrior misses you.
You shoot an arrow.
The arrow hits the orc warrior but does no damage.
The orc warrior is heavily wounded.
The orc warrior barely misses you.
You shoot an arrow.
The arrow hits the orc warrior but does no damage.
The orc warrior is heavily wounded.
The orc warrior hits you with a +4 short sword!
You die...

##.. #...####...
#..####.#####...
#...#....#....##
#####......##.##..
###..........##.#...
#.....##.....#......
##..####..........##
#...##.#...........#
##o@...............#
#.)###.............
##). #...........#.
#... #........###
###.. ....... ## ...
.#....# #. #.).
#...####. ....
##....... ..#.##...


You could see an orc warrior.

Vanquished Creatures
  Pikel (D:5)
  Sigmund (D:2)
  A slime creature (D:7)
  A wyvern (D:7)
  Menkaure (D:4)
  A water moccasin (D:5)
  Duvessa (D:5)
  An ice beast (D:7)
  4 sky beasts
  5 black bears
  An orc warrior (D:7)
  An ogre (D:5)
  3 phantoms
  A kobold brigand (D:8)
  3 bullfrogs
  A scorpion (D:5)
  9 wights
  Dowan (D:5)
  A crimson imp (D:6)
  A centaur zombie (Ossuary)
  2 hounds
  A bombardier beetle (D:5)
  6 jellies
  5 orc priests
  A gnoll bouda (D:7)
  Ijyb (D:4)
  6 iguanas
  6 orc wizards
  2 hound zombies (Ossuary)
  6 gnolls
  3 adders
  2 shadow imps
  2 ufetubi (D:7)
  An adder zombie (Ossuary)
  2 ribbon worms
  29 orcs
  5 bats
  17 endoplasms
  2 giant cockroaches
  3 goblins
  A hobgoblin (D:3)
  3 jackals (D:4)
  2 quokkas
  7 ball pythons
  A frilled lizard (D:2)
  3 gnoll zombies (Ossuary)
  2 goblin skeletons (D:6)
  4 goblin zombies (D:6)
  2 hobgoblin zombies (D:6)
  7 jackal zombies (Ossuary)
  9 kobolds
  2 kobold skeletons (D:6)
  4 kobold zombies (Ossuary)
  2 orc skeletons (D:6)
  3 orc zombies
  2 rats (D:1)
195 creatures vanquished.

Notes
Turn   | Place    | Note
-------+----------+-------------------------------------------
     0 | D:1      | qw the Djinni Hunter began the quest for the Orb.
     0 | D:1      | Reached XP level 1. HP: 18/18 MP: 0/0
     0 | D:1      | 0 ||| qw: Version: 0.3-a-136-gdd3b4e8
     0 | D:1      | 0 ||| qw: Game counter: 1261
     0 | D:1      | 0 ||| qw: Melee chars always use a shield: true
     0 | D:1      | 0 ||| qw: God list: Okawaru
     0 | D:1      | 0 ||| qw: Allow faded altars: false
     0 | D:1      | 0 ||| qw: Do Orc after clearing Dungeon:15 true
     0 | D:1      | 0 ||| qw: Do second Lair branch before Depths: true
     0 | D:1      | 0 ||| qw: Lair rune preference: random
     0 | D:1      | 0 ||| qw: Goals: Normal
     0 | D:1      | 0 ||| PLANNING D:1-11
   730 | D:1      | 730 ||| UPGRADING to +2 pair of gloves of stealth.
   735 | D:1      | 735 ||| READING scroll labelled UGRIPOAPTU.
   735 | D:1      | 735 ||| ENCHANTING +0 shortbow.
   736 | D:1      | 736 ||| READING scroll labelled NATEHI IKASUNKO.
   737 | D:1      | 737 ||| DRINKING 2 silvery potions.
   738 | D:1      | 738 ||| DRINKING 3 murky orange potions.
   739 | D:1      | 739 ||| DROPPING scroll of butterflies.
   740 | D:1      | 740 ||| DROPPING 2 potions of degeneration.
   907 | D:2      | Reached XP level 2. HP: 23/23 MP: 0/0
   914 | D:2      | Noticed Sigmund
   918 | D:2      | 918 ||| DRINKING potion of curing.
   918 | D:2      | 918 ||| (to cure confusion)
   922 | D:2      | Killed Sigmund
   923 | D:2      | Reached skill level 5 in Ranged Weapons
   923 | D:2      | Reached XP level 3. HP: 28/28 MP: 0/0
   923 | D:2      | Learned a level 1 spell: Magic Dart
   923 | D:2      | Reached XP level 4. HP: 33/33 MP: 0/0
   923 | D:2      | Reached XP level 5. HP: 38/38 MP: 0/0
   923 | D:2      | Learned a level 2 spell: Scorch
  1105 | D:2      | Reached XP level 6. HP: 43/43 MP: 0/0
  1355 | D:2      | 1355 ||| READING scroll labelled TAOD JIEBBE.
  1356 | D:2      | 1356 ||| READING 2 scrolls labelled HURROC VYSTO.
  1357 | D:2      | 1357 ||| READING scroll labelled UHOZ KOPPUJO.
  1458 | D:2      | 1458 ||| READING scroll labelled TONIALU MOPA.
  1458 | D:2      | 1458 ||| BRANDING +1 shortbow.
  1459 | D:2      | 1459 ||| READING scroll labelled LASI IRPHATEPA.
  1459 | D:2      | 1459 ||| IDENTIFYING red potion
  1460 | D:2      | 1460 ||| DROPPING scroll of fog.
  1767 | D:3      | Found a shimmering altar of Xom.
  1853 | D:3      | Found a broken altar of Ashenzari.
  1871 | D:3      | Found Joidaet's Antique Armour Emporium.
  1875 | D:3      | 1875 ||| SHOPLISTING embroidered scarf (200 gold, have
                  | 151).
  1875 | D:3      | 1875 ||| BUYING ring mail (100 gold).
  1875 | D:3      | Bought a ring mail for 100 gold pieces
  2167 | D:3      | 2167 ||| UPGRADING to +0 ring mail.
  2177 | D:3      | 2177 ||| DROPPING +0 leather armour.
  2191 | D:4      | 2191 ||| PLANNING OSSUARY
  2239 | D:4      | Reached skill level 1 in Armour
  2256 | D:4      | Noticed a black bear
  2262 | D:4      | Killed a black bear
  2263 | D:4      | Reached skill level 3 in Fighting
  2294 | D:4      | Reached XP level 7. HP: 43/51 MP: 0/0
  2294 | D:4      | Learned a level 2 spell: Jinxbite
  2377 | D:4      | Reached skill level 3 in Dodging
  2532 | D:4      | Found a sand-covered staircase.
  2533 | D:4      | 2533 ||| UPGRADING to ring of protection from fire.
  2534 | D:4      | 2534 ||| UPGRADING to +6 ring of strength.
  2535 | D:4      | 2535 ||| READING scroll of identify.
  2535 | D:4      | 2535 ||| IDENTIFYING smoky brown potion
  2536 | D:4      | 2536 ||| DROPPING potion of magic.
  2546 | Ossuary  | Entered an ossuary
  2712 | D:4      | 2712 ||| PLANNING D:1-11
  2831 | D:4      | HP: 9/52 [iguana (8)]
  2832 | D:4      | 2832 ||| DRINKING potion of heal wounds.
  2835 | D:4      | Reached skill level 6 in Ranged Weapons
  2851 | D:4      | 2851 ||| FLEEEEING.
  2852 | D:4      | 2852 ||| FLEEEEING.
  2853 | D:4      | 2853 ||| FLEEEEING.
  2854 | D:4      | 2854 ||| FLEEEEING.
  2855 | D:4      | 2855 ||| FLEEEEING.
  2856 | D:4      | 2856 ||| FLEEEEING.
  2857 | D:4      | 2857 ||| FLEEEEING.
  2868 | D:4      | 2868 ||| FLEEEEING.
  2891 | D:4      | 2891 ||| FLEEEEING.
  2892 | D:4      | 2892 ||| FLEEEEING.
  2893 | D:4      | 2893 ||| FLEEEEING.
  2894 | D:4      | 2894 ||| FLEEEEING.
  2895 | D:4      | 2895 ||| FLEEEEING.
  2937 | D:4      | Reached XP level 8. HP: 58/58 MP: 0/0
  2982 | D:4      | Identified the +3 trident "Fugot" {venom, Int+3}
  3023 | D:4      | Noticed Menkaure
  3029 | D:4      | Killed Menkaure
  3034 | D:4      | 3034 ||| FLEEEEING.
  3037 | D:4      | 3037 ||| FLEEEEING.
  3038 | D:4      | 3038 ||| FLEEEEING.
  3039 | D:4      | 3039 ||| FLEEEEING.
  3040 | D:4      | 3040 ||| FLEEEEING.
  3041 | D:4      | 3041 ||| FLEEEEING.
  3046 | D:4      | 3046 ||| FLEEEEING.
  3047 | D:4      | 3047 ||| FLEEEEING.
  3048 | D:4      | 3048 ||| FLEEEEING.
  3049 | D:4      | 3049 ||| FLEEEEING.
  3050 | D:4      | 3050 ||| FLEEEEING.
  3051 | D:4      | 3051 ||| FLEEEEING.
  3052 | D:4      | 3052 ||| FLEEEEING.
  3053 | D:4      | 3053 ||| FLEEEEING.
  3054 | D:4      | 3054 ||| FLEEEEING.
  3055 | D:4      | 3055 ||| FLEEEEING.
  3056 | D:4      | 3056 ||| FLEEEEING.
  3057 | D:4      | 3057 ||| FLEEEEING.
  3058 | D:4      | 3058 ||| FLEEEEING.
  3059 | D:4      | 3059 ||| FLEEEEING.
  3060 | D:4      | 3060 ||| FLEEEEING.
  3061 | D:4      | 3061 ||| FLEEEEING.
  3062 | D:4      | 3062 ||| FLEEEEING.
  3063 | D:4      | 3063 ||| FLEEEEING.
  3064 | D:4      | 3064 ||| FLEEEEING.
  3065 | D:4      | 3065 ||| FLEEEEING.
  3066 | D:4      | 3066 ||| FLEEEEING.
  3067 | D:4      | 3067 ||| FLEEEEING.
  3068 | D:4      | 3068 ||| FLEEEEING.
  3069 | D:4      | 3069 ||| FLEEEEING.
  3070 | D:4      | 3070 ||| FLEEEEING.
  3071 | D:4      | 3071 ||| FLEEEEING.
  3072 | D:4      | 3072 ||| FLEEEEING.
  3073 | D:4      | 3073 ||| FLEEEEING.
  3181 | D:4      | Noticed Ijyb
  3202 | D:4      | Killed Ijyb
  3330 | D:4      | 3330 ||| READING scroll of identify.
  3330 | D:4      | 3330 ||| IDENTIFYING scroll labelled COCVAE OGHOA
  3333 | D:5      | Entered Level 5 of the Dungeon
  3337 | D:5      | Reached skill level 7 in Ranged Weapons
  3486 | D:5      | Reached XP level 9. HP: 65/65 MP: 0/0
  3486 | D:5      | Learned a level 4 spell: Vhi's Electric Charge
  3589 | D:5      | Found a staircase to the Ecumenical Temple.
  3590 | D:5      | 3590 ||| PLANNING TEMPLE
  3590 | D:5      | 3590 ||| UPGRADING to +2 cloak.
  3595 | D:5      | 3595 ||| DROPPING ring of wizardry.
  3596 | D:5      | 3596 ||| DROPPING wand of flame (23).
  3605 | Temple   | Entered the Ecumenical Temple
  3606 | Temple   | 3606 ||| PLANNING OKAWARU WORSHIP
  3610 | Temple   | Became a worshipper of Warmaster Okawaru
  3611 | Temple   | 3611 ||| PLANNING D:1-11
  3702 | D:5      | Noticed Duvessa
  3702 | D:5      | Noticed Dowan
  3708 | D:5      | 3708 ||| RETREEEEATING.
  3713 | D:5      | Killed Duvessa
  3717 | D:5      | Killed Dowan
  3720 | D:5      | Reached skill level 8 in Ranged Weapons
  3873 | D:5      | Noticed Pikel
  3874 | D:5      | 3874 ||| RETREEEEATING.
  3876 | D:5      | 3876 ||| RETREEEEATING.
  3894 | D:5      | Killed Pikel
  4267 | D:5      | 4267 ||| READING scroll labelled HORECHIPES.
  4551 | D:6      | Found a snail-covered altar of Cheibriados.
  4633 | D:6      | Reached * piety under Okawaru
  4634 | D:6      | Reached skill level 6 in Dodging
  4742 | D:6      | Reached skill level 1 in Invocations
  4862 | D:6      | Found a glowing golden altar of the Shining One.
  4901 | D:6      | 4901 ||| READING 2 scrolls of identify.
  4901 | D:6      | 4901 ||| IDENTIFYING grey potion
  4902 | D:6      | 4902 ||| DROPPING potion of brilliance.
  5030 | D:7      | Reached XP level 10. HP: 38/75 MP: 0/0
  5031 | D:7      | HP: 14/75 [acid (9)]
  5032 | D:7      | 5032 ||| DRINKING potion of heal wounds.
  5239 | D:7      | Reached skill level 3 in Invocations
  5310 | D:7      | 5310 ||| DRINKING 4 potions of curing.
  5310 | D:7      | 5310 ||| (to cure confusion)
  5528 | D:7      | Reached ** piety under Okawaru
  5549 | D:7      | Reached skill level 9 in Ranged Weapons
  5716 | D:7      | Reached skill level 3 in Armour
  5998 | D:7      | HP: 11/75 [orc warrior/+0 glaive (13)]
  5999 | D:7      | 5999 ||| DRINKING potion of heal wounds.
  6004 | D:7      | 6004 ||| FLEEEEING.
  6005 | D:7      | 6005 ||| FLEEEEING.
  6006 | D:7      | 6006 ||| FLEEEEING.
  6007 | D:7      | 6007 ||| FLEEEEING.
  6008 | D:7      | 6008 ||| FLEEEEING.
  6009 | D:7      | 6009 ||| FLEEEEING.
  6010 | D:7      | 6010 ||| FLEEEEING.
  6011 | D:7      | 6011 ||| FLEEEEING.
  6012 | D:7      | 6012 ||| FLEEEEING.
  6366 | D:7      | 6366 ||| READING 2 scrolls of identify.
  6366 | D:7      | 6366 ||| IDENTIFYING scroll labelled ESERCH RUNAMMARU
  6367 | D:7      | 6367 ||| DROPPING scroll of revelation.
  6408 | D:8      | 6408 ||| INVOKING Heroism.
  6681 | D:8      | Found a flagged portal.
  6721 | D:8      | HP: 15/75 [orc warrior/+4 short sword (6)]
  6727 | D:8      | Slain by an orc warrior

Levels and vault maps discovered:
D:1:      dpeg_arrival_simpleton_a, layout_loops_corners
D:2:      layout_basic, hex_intersection, uniq_sigmund
D:3:      layout_basic, mainiacjoe_overflow_surrounded_room,
          mainiacjoe_overflow_boulevard, serial_shops, nicolae_shop_stone,
          st_stairs_6, due_unseen_surprise
D:4:      layout_basic, enter_ossuary_1, uniq_ijyb, uniq_menkaure
D:5:      layout_basic, minmay_temple_entry_mini_moons, uniq_duvessa, uniq_pikel
D:6:      layout_rooms, mainiacjoe_overflow_two_lobes,
          nicolae_tso_besieged_by_evil
D:7:      lemuel_slime, layout_gridville
D:8:      layout_cave_pools, enter_bailey_6, minmay_misc_feat_alley
Temple:   sentei_temple_godly_chess

Skill      XL: |  1  2  3  4  5  6  7  8  9 10 |
---------------+-------------------------------+-----
Ranged Weapons | 5 6 7 8 9 |  9.5
Armour         | 1 2 3 |  3.1
Fighting       | 3 4 5 7 |  7.0
Dodging        | 4 5 6 7 |  7.0
Invocations    | 2 4 |  4.0
Stealth        | |  0.7

Action                     |  1- 3 |  4- 6 |  7- 9 | 10-12 || total
---------------------------+-------+-------+-------+-------++-------
   Fire: Shortbow          |    15 |    76 |   378 |   254 ||   723
 Invoke: Heroism           |       |       |       |     1 ||     1
    Use: Potion            |     3 |       |     1 |     3 ||     7
         Scroll            |     2 |     5 |     4 |     1 ||    12
 Armour: Leather armour    |     2 |     5 |       |       ||     7
         Ring mail         |       |    11 |   139 |    95 ||   245
  Dodge: Dodged            |       |    17 |   140 |    84 ||   241

Table legend:
 A = Non-vault XP
 B = Vault XP
 C = Vault XP percentage of total XP
 D = Non-vault monster count
 E = Vault monster count
 F = Vault count percentage of total count
                 A         B        C        D         E       F
            +---------+---------+-------+---------+---------+-------
      Total |    4482 |    1977 |  30.6 |     132 |      63 |  32.3
            +---------+---------+-------+---------+---------+-------
        D:1 |       5 |       0 |   0.0 |       4 |       0 |   0.0
        D:2 |      25 |     239 |  90.5 |       8 |       1 |  11.1
        D:3 |      32 |      13 |  28.9 |      10 |       2 |  16.7
        D:4 |     723 |     204 |  22.0 |      35 |       2 |   5.4
        D:5 |     948 |     874 |  48.0 |      16 |       3 |  15.8
        D:6 |     423 |      63 |  13.0 |       6 |      14 |  70.0
        D:7 |    1534 |     475 |  23.6 |      35 |      21 |  37.5
        D:8 |     792 |       0 |   0.0 |      18 |       0 |   0.0
    Ossuary |       0 |     109 | 100.0 |       0 |      20 | 100.0
            +---------+---------+-------+---------+---------+-------
